 Dungeon Crawl Stone Soup version 0.26-a0-154-g3d63440f56 (webtiles) character file.

Game seed: 15753253244741046771

16 Flugslaktarn the Chiller (level 2, 0/17 HPs)
             Began as an Octopode Ice Elementalist on June 30, 2020.
             Slain by Natasha (2 damage)
             ... on level 2 of the Dungeon.
             The game lasted 00:01:18 (255 turns).

Flugslaktarn the Chiller (Octopode Ice Elementalist) Turns: 255, Time: 00:01:19

Health: 0/17       AC:  1    Str: 13    XL:     2   Next: 58%
Magic:  4/5        EV: 13    Int: 17    God:
Gold:   47         SH:  0    Dex: 12    Spells: 5/6 levels left

rFire    . . .     SeeInvis .   f - -1 dagger (curse)
rCold    . . .     Faith    .   (no shield)
rNeg     . . .     Spirit   .   (helmet restricted)
rPois    .         Reflect  .   (no amulet)
rElec    .         Harm     .   a - +6 ring of strength
rCorr    .                      (no ring)
MR       .....                  (no ring)
Stlth    +++.......             (no ring)
HPRegen  0.05/turn              (no ring)
MPRegen  0.09/turn              (no ring)
                                (no ring)
                                (no ring)

@: no status effects
A: almost no armour, stealthy swim, amphibious, 8 rings, constrict 8, camouflage
1, gelatinous body 1
a: no special abilities


You were on level 2 of the Dungeon.
You were not hungry.

You visited 1 branch of the dungeon, and saw 3 of its levels.

You collected 47 gold pieces.

Inventory:

Hand Weapons
 f - a cursed -1 dagger (weapon)
   (You found it on level 3 of the Dungeon)
 g - a +0 flail
   (You found it on level 3 of the Dungeon)
Jewellery
 a - a +6 ring of strength (left tentacle)
   (You found it on level 1 of the Dungeon)
Scrolls
 e - a scroll of random uselessness {unknown}
 h - a scroll of fog {unknown}
Potions
 c - 2 potions of curing {unknown}
 d - a potion of mutation {unknown}
Comestibles
 b - 2 rations


   Skills:
 - Level 2.0 Dodging
 - Level 2.6 Stealth
 + Level 2.5 Spellcasting
 + Level 4.3 Ice Magic


You had 5 spell levels left.
You knew the following spells:

 Your Spells              Type           Power        Failure   Level  Hunger
a - Freeze                Ice            ###.         3%          1    #......

Your spell library contained the following spells:

 Spells                   Type           Power        Failure   Level  Hunger
 Frozen Ramparts          Ice            ###...       10%         3    ###....
 Ozocubu's Armour         Chrm/Ice       #.......     22%         3    ###....
 Hailstorm                Conj/Ice       #.......     58%         4    #####..
 Summon Ice Beast         Ice/Summ       #.......     58%         4    #####..


Dungeon Overview and Level Annotations

Branches:
Dungeon (3/15)

Altars:

Annotations:
D:2 Natasha


Innate Abilities, Weirdness & Mutations

You cannot wear most types of armour.
You are very stealthy in the water. (Stealth+)
You are amphibious.
You can wear up to eight rings at the same time.
You can use your tentacles to constrict eight enemies at once.
Your skin changes colour to match your surroundings (Stealth+).
Your rubbery body absorbs attacks. (AC +1, EV +1)


Message History

You see here a cursed -2 dagger.
Found a mace and a flail.
You see here a flail.
g - a flail You open the door.
There is an open door here.
There is an open door here.
A goblin comes into view. It is wielding a +0 dagger.
An orc and an orc wizard come into view.
Found a scroll labeled WUXOREOMORR.
The orc closely misses you.
You hit the orc but do no damage. You grab the orc. You constrict the orc.
The orc hits you with a +0 whip.
* * * LOW HITPOINT WARNING * * *
Casting: Freeze (safe; 3% risk of failure)
Confirm with . or Enter, or press ? or * to list all spells.
Aiming: Freeze (safe; 3% risk of failure)
Press: ? - help, Shift-Dir - straight line, f - orc
Aim: an orc, wielding a +0 whip (lightly wounded, constricted by you)
You freeze the orc.
The orc is almost dead.
You constrict the orc.
You kill the orc!
You open the door.
There is an open door here.
Found 18 stones.
You see here 18 stones.
Found a scroll labeled NYOSTA ANKURILL.
h - a scroll labeled NYOSTA ANKURILL
Found a stone staircase leading up.
There is a stone staircase leading up here.
You climb upwards.
Natasha, Servant of Life and Death comes into view.
Found a scroll labeled SIROTAOGYTO and a scratched coral ring.
Found an escape hatch in the floor.
There is a stone staircase leading down here.
The helpless Natasha fails to defend herself.
You hit Natasha. Your grab misses Natasha. Your squeeze misses Natasha.
Natasha is heavily wounded.
Natasha claws you!
* * * LOW HITPOINT WARNING * * *
Casting: Freeze (safe; 3% risk of failure)
Confirm with . or Enter, or press ? or * to list all spells.
Aiming: Freeze (safe; 3% risk of failure)
Press: ? - help, Shift-Dir - straight line, f - Natasha
Aim: Natasha (heavily wounded)
You freeze Natasha!
Natasha is almost dead.
Natasha claws you.
You die...

.........#####.####+#
........# ..#
#....... #.#
#..#?..#### ###
......'.. .
#....###..#
#.>..'....#
#.#....####. #....@.+
###.h..# ....####
.....# ..... .....
.... ...


You could see Natasha.

Vanquished Creatures
  4 orcs (D:3)
  A goblin (D:2)
  2 hobgoblins
  A kobold (D:2)
  3 bats
11 creatures vanquished.

Notes
Turn   | Place    | Note
-------+----------+-------------------------------------------
     0 | D:1      | Flugslaktarn the Octopode Ice Elementalist began the quest
                  | for the Orb.
     0 | D:1      | Reached XP level 1. HP: 11/11 MP: 3/3
    62 | D:2      | Reached XP level 2. HP: 5/17 MP: 0/5
   251 | D:2      | Noticed Natasha
   255 | D:2      | Slain by Natasha

Illustrated notes

Levels and vault maps discovered:
D:1:      ebering_trefoil_3fold, layout_basic, serial_glass, glass_columns_c,
          glass_columns_c, kennysheep_doodads, chequers_serial_rivers_micro_c
D:2:      layout_basic, grunt_dithmenos_smoke, kennysheep_jessica_study,
          uniq_crazy_yiuf_cottage, uniq_natasha
D:3:      layout_basic, hangedman_abyss_or_decor_lesser_grid

Action                   || total
-------------------------++-------
Melee: Unarmed           ||     6
       Constrict         ||     6
       Dagger            ||     6
       Tentacles         ||     1
 Cast: Freeze            ||    11
 Stab: Sleeping          ||     2
Armor: Skin              ||     5
Dodge: Dodged            ||    12

Table legend:
 A = Non-vault XP
 B = Vault XP
 C = Vault XP percentage of total XP
 D = Non-vault monster count
 E = Vault monster count
 F = Vault count percentage of total count
                 A         B        C        D         E       F
            +---------+---------+-------+---------+---------+-------
      Total |      24 |       0 |   0.0 |      11 |       0 |   0.0
            +---------+---------+-------+---------+---------+-------
        D:1 |       2 |       0 |   0.0 |       1 |       0 |   0.0
        D:2 |       8 |       0 |   0.0 |       5 |       0 |   0.0
        D:3 |      14 |       0 |   0.0 |       5 |       0 |   0.0
            +---------+---------+-------+---------+---------+-------
